 Dungeon Crawl Stone Soup version 0.21-a0-442-g848f44b (webtiles) character file.

26 slep the Firebug (level 3, -3/26 HPs)
             Began as a Hill Orc Fire Elementalist on Nov 14, 2017.
             Slain by a goblin
             ... wielding a +0 club
             ... led by Robin
              (7 damage)
             ... on level 2 of the Dungeon.
             The game lasted 00:05:28 (976 turns).

slep the Firebug (Hill Orc Fire Elementalist)        Turns: 976, Time: 00:05:29

Health: -3/26      AC:  5    Str: 10    XL:     3   Next: 8%
Magic:  5/5        EV: 10    Int: 15    God:
Gold:   29         SH:  0    Dex: 12    Spells: 4/5 levels left

rFire    . . .     SeeInvis .   g - +0 dagger
rCold    . . .     Gourm    .   (no shield)
rNeg     . . .     Faith    .   d - +0 ring mail
rPois    .         Spirit   .   (no helmet)
rElec    .         Reflect  .   (no cloak)
rCorr    .         Harm     .   (no gloves)
MR       .....                  (no boots)
Stlth    ..........             (no amulet)
HPRegen  0.08/turn              m - ring of loudness (curse)
MPRegen  0.09/turn              (no ring)

@: hasted, very quick
A: no striking features
a: no special abilities


You were on level 2 of the Dungeon.
You were not hungry.

You visited 1 branch of the dungeon, and saw 2 of its levels.

You collected 29 gold pieces.

Inventory:

Hand Weapons
 g - a +0 dagger (weapon)
Missiles
 o - 5 tomahawks (quivered)
Armour
 a - a +0 robe
 d - a +0 ring mail (worn)
Jewellery
 m - a cursed ring of loudness (left hand)
Scrolls
 h - 3 scrolls of amnesia {unknown}
 l - a scroll of enchant armour {unknown}
 n - a scroll of teleportation {unknown}
Potions
 i - a potion of might {unknown}
 j - a potion of heal wounds {unknown}
Books
 b - a book of Flames

   Spells                             Type                      Level
   a - Flame Tongue                   Conjuration/Fire             1
   b - Throw Flame                    Conjuration/Fire             2
   c - Conjure Flame                  Conjuration/Fire             3
   d - Inner Flame                    Hexes/Fire                   3
   e - Sticky Flame                   Conjuration/Fire             4
   f - Fireball                       Conjuration/Fire             5
Comestibles
 c - a bread ration
 k - 2 meat rations


   Skills:
 + Level 0.2 Short Blades
 + Level 0.4 Armour
 + Level 1.8 Dodging
 + Level 1.5 Stealth
 + Level 0.4 Unarmed Combat
 + Level 1.7 Spellcasting
 + Level 1.0 Conjurations
 + Level 4.0 Fire Magic


You had 4 spell levels left.
You knew the following spells:

 Your Spells              Type           Power        Failure   Level  Hunger
a - Flame Tongue          Conj/Fire      #....        22%         1    ##.....


Dungeon Overview and Level Annotations

Branches:
Dungeon (2/15)

Altars:

Annotations:
D:2 1 runed door, Robin


Message History

You hit the goblin.
You kill the goblin!
Robin says, "My army is invincible!"
Robin throws the goblin at you! The goblin hits you but does no damage.
You hit the goblin.
The goblin is moderately wounded.
The hobgoblin hits you.
* * * LOW HITPOINT WARNING * * *
Robin roars a battlecry!
The hobgoblin goes into a battle-frenzy!
Your ring mail prevents you from hitting the goblin.
The goblin is moderately wounded.
The goblin hits you but does no damage. The hobgoblin closely misses you.
You hit the goblin.
You kill the goblin!
Robin throws the goblin at you!
You hit the goblin.
The goblin is moderately wounded.
The hobgoblin barely misses you. The goblin hits you with a club!
You die...

...... #.#.#....... .....#
##.###............ ####.##.#
.................
......#.#.#....#.............
......#.#.#.................. .
......#.#.#................. ..
.................#.........# g..
...............###gg.......##...
............(..g@gggg####...g#
...............#####.####g...#
...............##....g.......#
.†.............##....ggg.....#
.............................#
#.........................[.....
..#####..........................
#######........##.#######........
# #..#........##.# .....##..


You could see Robin, 4 hobgoblins and 2 goblins.

Vanquished Creatures
  A dart slug (D:1)
  3 bats
  9 goblins
  A hobgoblin (D:1)
  A quokka (D:2)
  A ball python (D:2)
  2 kobolds
  4 rats
22 creatures vanquished.

Notes
Turn   | Place    | Note
-------+----------+-------------------------------------------
     0 | D:1      | slep the Hill Orc Fire Elementalist began the quest for the Orb.
     0 | D:1      | Reached XP level 1. HP: 14/14 MP: 3/3
   255 | D:1      | Reached XP level 2. HP: 8/20 MP: 4/4
   843 | D:2      | Reached skill level 4 in Fire Magic
   904 | D:2      | Found a runed door.
   943 | D:2      | Noticed Robin
   967 | D:2      | Reached XP level 3. HP: 11/26 MP: 5/5
   976 | D:2      | Slain by a goblin

Vault maps used:
D:1:      dpeg_chamrin_arrival_tetris
D:2:      minmay_fountain_box, grunt_ministairs_7, uniq_crazy_yiuf_cottage,
          uniq_robin

Skill      XL: |  1  2 |
---------------+-------+-----
Fire Magic     | 4 |  4.0
Short Blades   | |  0.2
Armour         | |  0.4
Dodging        | |  1.8
Stealth        | |  1.5
Unarmed Combat | |  0.4
Spellcasting   | |  1.7
Conjurations   | |  1.0

Action                   || total
-------------------------++-------
Melee: Unarmed           ||    30
       Dagger            ||    72
 Cast: Flame Tongue      ||     3
  Use: Potion            ||     2
Armor: Ring mail         ||    70
Dodge: Dodged            ||    64

Table legend:
 A = Spawn XP
 B = Non-spawn XP
 C = Spawn XP percentage of total XP
 D = Spawn monster count
 E = Non-spawn monster count
 F = Spawn count percentage of total count
 G = Total turns spent on level
                    A         B        C        D         E        F      G
               +---------+---------+-------+---------+---------+-------+---------
         Total |       0 |      38 |   0.0 |       0 |      22 |   0.0 |   976
               +---------+---------+-------+---------+---------+-------+---------
           D:1 |       0 |      22 |   0.0 |       0 |      12 |   0.0 |   787
           D:2 |       0 |      16 |   0.0 |       0 |      10 |   0.0 |   189
               +---------+---------+-------+---------+---------+-------+---------
